 Dungeon Crawl Stone Soup version 0.27-a0-1147-gb3d8e82157 (webtiles) character file.

Game seed: 13730097443946485301

2550 kae the Grappler (level 9, -11/71 (72) HPs)
             Began as a Demonspawn Fighter on May 11, 2021.
             Was an Elder of Okawaru.
             Mangled by a sun demon (16 damage)
             ... summoned by a kobold demonologist
             ... on level 8 of the Dungeon.
             The game lasted 00:05:29 (9526 turns).

kae the Grappler (Demonspawn Fighter)               Turns: 9526, Time: 00:05:30

HP:   -11/71 (72)   AC:  9    Str: 19    XL:     9   Next: 30%
MP:   14/14         EV:  7    Int: 11    God:    Okawaru [****..]
Gold: 386           SH: 10    Dex: 24    Spells: 8/8 levels left

rFire    . . .     SeeInvis .   a - +1 long sword (drain)
rCold    . . .     Faith    .   c - +0 kite shield
rNeg     . . .     Spirit   .   b - +0 scale mail
rPois    .         Reflect  .   (no helmet)
rElec    .         Harm     .   (no cloak)
rCorr    .         Rampage  .   (gloves unavailable)
Will     .....                  y - +0 pair of boots
Stlth    +.........             h - amulet of the acrobat
HPRegen  0.21/turn              i - +6 ring of dexterity
MPRegen  0.14/turn              m - +6 ring of dexterity

@: lightly drained
A: claws 3, yellow scales 1, spiny 1
a: Renounce Religion, Heroism


You were on level 8 of the Dungeon.
You worshipped Okawaru.
Okawaru was greatly pleased with you.
You visited 1 branch of the dungeon, and saw 8 of its levels.
You also visited: Ossuary.

You collected 386 gold pieces.

Inventory:

Hand Weapons
 a - a +1 long sword of draining (weapon)
Armour
 b - a +0 scale mail (worn)
 c - a +0 kite shield (worn)
 y - a +0 pair of boots (worn)
Jewellery
 h - an amulet of the acrobat (around neck)
 i - a +6 ring of dexterity (left claw)
 m - a +6 ring of dexterity (right claw)
Wands
 n - a wand of flame (45)
 p - a wand of iceblast (9)
 x - a wand of mindburst (16)
Scrolls
 g - 3 scrolls of amnesia
 j - 2 scrolls of vulnerability
 r - 2 scrolls of fear
 w - 2 scrolls of teleportation
Potions
 d - 3 potions of haste
 e - a potion of lignification
 f - 3 potions of cancellation
 k - 5 potions of mutation {unknown}
 l - a potion of attraction
 q - 3 potions of curing
 s - a potion of invisibility
 t - a potion of degeneration
 u - a potion of ambrosia {unknown}
 v - 4 potions of heal wounds {unknown}


   Skills:
 + Level 7.1 Fighting
 - Level 2.3 Long Blades
 - Level 2.6 Armour
 - Level 2.6 Shields
 * Level 8.1 Unarmed Combat
 + Level 7.8 Invocations


You had 8 spell levels left.
You didn't know any spells.
Your spell library contained the following spells:

 Spells                   Type           Power      Damage    Failure   Level
 Animate Skeleton         Necr           0%         N/A       99%         1
 Pain                     Necr           0%         1d4       99%         1
 Vampiric Draining        Necr           0%         2d6       100%        3
 Animate Dead             Necr           0%         N/A       100%        4
 Agony                    Necr           0%         N/A       100%        5


Dungeon Overview and Level Annotations

Branches:
Dungeon (8/15)             Temple (0/1) D:5         Ossuary (visited)
   Lair: D:8-11

Altars:
Fedhas
Okawaru
Ru
Sif Muna
Yredelemnul
Zin

Shops:
D:8 (

Annotations:
D:3 exclusion: oklob plant
D:4 1 runed translucent door, Crazy Yiuf


Innate Abilities, Weirdness & Mutations

You have claws for hands.
You are partially covered in yellow scales. (AC +2)
You are partially covered in sharp spines.


Message History

The kobold demonologist casts a spell.
The shadow imp hits you but does no damage.
The kobold demonologist begins to cast a cantrip, but forgets the words!
You closely miss the kobold demonologist.
The kobold demonologist is heavily wounded.
The shadow imp is struck by your spines.
You kill the shadow imp!
The kobold demonologist casts a spell.
The kobold demonologist hits you but does no damage.
You miss the kobold demonologist.
The kobold demonologist is heavily wounded.
The white imp disappears in a puff of smoke!
The kobold demonologist is struck by your spines.
The kobold demonologist barely misses you.
You closely miss the kobold demonologist.
The kobold demonologist is heavily wounded.
The smoke demon roars!
The rust devil disappears in a puff of smoke!
You block the kobold demonologist's attack.
The kobold demonologist hits you but does no damage.
You closely miss the kobold demonologist.
The kobold demonologist is heavily wounded.
The kobold demonologist hits you with a +0 dagger.
You barely miss the kobold demonologist.
The kobold demonologist is heavily wounded.
You block the kobold demonologist's attack.
The kobold demonologist gestures wildly while chanting.
You hit the kobold demonologist. You drain the kobold demonologist.
The kobold demonologist is severely wounded.
The kobold demonologist hits you but does no damage.
You slash the kobold demonologist!
The kobold demonologist is almost dead.
The iron imp disappears in a puff of smoke!
You block the kobold demonologist's attack.
You hit the sun demon.
The sun demon is lightly wounded.
The sun demon hits you!!
* * * LOW HITPOINT WARNING * * *
You are engulfed in flames!
You die...

##......>###....#
#.#####.#.#.###.#
#.# #.##.## #.#
.. #.##.# #.# #
...#.# #.#
#..#.####.####..#
#..#............#
#..######.#####.
#@# #3# #K3 .3.#
##.# .# .# .#


You could see a sun demon (summoned), a kobold demonologist (drained), a
sixfirhy (summoned) and a smoke demon (summoned).

Vanquished Creatures
  A steam dragon (D:6)
  2 ice beasts (D:7)
  A sky beast (D:6)
  An orc warrior (D:6)
  A black bear (D:7)
  An ogre (D:7)
  2 phantoms
  2 elf zombies (Ossuary)
  3 bullfrogs
  5 scorpions
  A water moccasin skeleton (D:4)
  A wyvern skeleton (D:3)
  5 wights (D:7)
  A bullfrog zombie (D:5)
  A centaur zombie (Ossuary)
  3 hounds
  A human zombie (Ossuary)
  2 jellies
  4 orc priests
  4 orc wizards
  2 iguanas
  2 hound zombies
  3 mummies (Ossuary)
  A howler monkey zombie (D:6)
  Robin (D:3)
  4 adders
  2 shadow imps (D:7)
  An ufetubus (D:6)
  2 adder zombies (Ossuary)
  An adder skeleton (D:4)
  2 dart slugs
  22 orcs
  8 ball pythons
  2 bats
  5 endoplasms
  7 giant cockroaches
  11 goblins
  9 hobgoblins
  12 jackals
  4 quokkas
  2 frilled lizards
  2 gnoll zombies (Ossuary)
  6 goblin zombies (Ossuary)
  5 hobgoblin zombies (Ossuary)
  4 jackal zombies (Ossuary)
  5 kobolds
  3 kobold zombies (Ossuary)
  2 orc zombies (Ossuary)
  3 quokka zombies (Ossuary)
  13 rats
  3 rat zombies (Ossuary)
191 creatures vanquished.

Vanquished Creatures (others)
  6 fungi (D:3)
  6 plants (D:3)
12 creatures vanquished.

Grand Total: 203 creatures vanquished

Notes
Turn   | Place    | Note
-------+----------+-------------------------------------------
     0 | D:1      | kae the Demonspawn Fighter began the quest for the Orb.
     0 | D:1      | Reached XP level 1. HP: 18/18 MP: 1/1
   132 | D:1      | Gained mutation: You have sharp fingernails. [demonic
                  | ancestry]
   132 | D:1      | Reached XP level 2. HP: 24/24 MP: 2/2
   239 | D:1      | Found a faded altar of an unknown god.
   417 | D:1      | Reached skill level 1 in Unarmed Combat
   699 | D:2      | Found an iron altar of Okawaru.
   793 | D:2      | Became a worshipper of Warmaster Okawaru
   845 | D:2      | Gained mutation: You are partially covered in yellow
                  | scales. (AC +2) [demonic ancestry]
   845 | D:2      | Reached XP level 3. HP: 29/29 MP: 3/3
  1452 | D:2      | Reached skill level 1 in Invocations
  1606 | D:2      | Reached skill level 2 in Unarmed Combat
  1606 | D:2      | Gained mutation: You are partially covered in sharp spines.
                  | [demonic ancestry]
  1606 | D:2      | Reached XP level 4. HP: 36/37 MP: 4/4
  2099 | D:3      | Found a blossoming altar of Fedhas.
  2110 | D:3      | Noticed an oklob plant
  2454 | D:3      | Gained mutation: You have very sharp fingernails. [demonic
                  | ancestry]
  2454 | D:3      | Reached XP level 5. HP: 24/42 MP: 6/6
  3063 | D:3      | Reached skill level 3 in Unarmed Combat
  3348 | D:4      | Noticed Robin
  3367 | D:3      | Killed Robin
  3532 | D:4      | Reached * piety under Okawaru
  3533 | D:4      | Gained mutation: You have claws for hands. [demonic
                  | ancestry]
  3533 | D:4      | Reached XP level 6. HP: 41/49 MP: 8/8
  3574 | D:4      | HP: 2/49 [scorpion (4)]
  3576 | D:4      | Reached skill level 4 in Unarmed Combat
  4288 | D:4      | Reached XP level 7. HP: 55/55 MP: 10/10
  4439 | D:4      | Found a runed translucent door.
  4440 | D:4      | Noticed Crazy Yiuf
  4465 | D:5      | Entered Level 5 of the Dungeon
  4471 | D:5      | Reached ** piety under Okawaru
  4472 | D:5      | Reached skill level 5 in Fighting
  4552 | D:5      | Found a shimmering blue altar of Sif Muna.
  4878 | D:5      | Reached skill level 5 in Unarmed Combat
  4959 | D:5      | Reached skill level 5 in Invocations
  5221 | D:5      | Found a staircase to the Ecumenical Temple.
  5319 | D:5      | Found a basalt altar of Yredelemnul.
  5408 | D:6      | Reached XP level 8. HP: 12/63 MP: 9/12
  5422 | D:6      | Found a sand-covered staircase.
  5606 | Ossuary  | Entered an ossuary
  5822 | Ossuary  | Reached skill level 6 in Unarmed Combat
  6729 | D:6      | Reached *** piety under Okawaru
  6812 | D:6      | Found a sacrificial altar of Ru.
  7170 | D:6      | Reached skill level 7 in Unarmed Combat
  7842 | D:7      | Reached XP level 9. HP: 54/71 MP: 14/14
  7941 | D:7      | Reached **** piety under Okawaru
  7946 | D:7      | HP: 3/67 [wight/+2 trident (5)]
  8991 | D:7      | Reached skill level 8 in Unarmed Combat
  9378 | D:8      | Found Miuzura's Antique Weapon Shop.
  9506 | D:8      | Noticed a kobold demonologist
  9510 | D:8      | Noticed a rust devil
  9519 | D:8      | Noticed a sixfirhy
  9520 | D:8      | Noticed a smoke demon
  9524 | D:8      | Noticed a sun demon
  9526 | D:8      | Mangled by a sun demon

Illustrated notes

Levels and vault maps discovered:
D:1:      minmay_arrival_open_corners, layout_rooms,
          ebering_ecumenical_altar_rust
D:2:      layout_basic, basic_altar
D:3:      layout_basic, tgw_fedhas, serial_aquarium, aquarium_bridge_straight
          [aquarium_subvault_bridge, aquarium_subvault_wall,
          aquarium_subvault_bridge, aquarium_subvault_wall], aquarium_window_1,
          aquarium_window_fake, aquarium_view_2d, aquarium_pool_2
D:4:      layout_cave_pools, uniq_crazy_yiuf_cottage, uniq_robin
D:5:      layout_cave_pools, general_overflow_altar, lemuel_tele_altar,
          temple_statues
D:6:      layout_loops_corners, pf_just_have_faith,
          nicolae_ru_sacrificial_ziggurat, chequers_ossuary_entry_cave
D:7:      layout_basic
D:8:      layout_loops_ring, nicolae_uskayaw_en_pointe, serial_shops,
          shop_statue, minmay_fire_ice_demons

Skill      XL: |  1  2  3  4  5  6  7  8  9 |
---------------+----------------------------+-----
Long Blades    | 2 |  2.3
Unarmed Combat | 1 2 3 4 5 7 8 |  8.1
Invocations    | 1 2 3 4 5 7 |  7.8
Fighting       | 4 5 6 7 |  7.1
Armour         | |  2.6
Shields        | |  2.6

Action                   |  1- 3 |  4- 6 |  7- 9 || total
-------------------------+-------+-------+-------++-------
Melee: Long sword        |   113 |   106 |   312 ||   531
Invok: Heroism           |       |       |     3 ||     3
  Use: Scroll            |     4 |     1 |    15 ||    20
       Potion            |       |     5 |     3 ||     8
Armor: Scale mail        |    49 |    59 |   139 ||   247
Dodge: Dodged            |    28 |    31 |   105 ||   164
Block: Kite shield       |    64 |    75 |   197 ||   336
       Rpst.: Long sword |     8 |     1 |    21 ||    30

Table legend: (Time is in decaauts)
 A = Elapsed time spent in this place.
 B = Non-inter-level travel time spent in this place.
 C = Inter-level travel time spent in this place.
 D = Time resting spent in this place.
 E = Time spent auto-exploring this place.
 F = Levels seen in this place.
 G = Mean time per level.
                   A        B        C        D        E       F      G
               +--------+--------+--------+--------+--------+-----+--------+
         Total |   9783 |   9523 |    260 |   1897 |   6212 |   9 | 1087.0 |
       Dungeon |   9127 |   8867 |    260 |   1832 |   5831 |   8 | 1140.9 |
       Ossuary |    655 |    655 |      0 |     65 |    381 |   1 |  655.0 |
               +--------+--------+--------+--------+--------+-----+--------+

Top non-repeatable levels by time:
     D:6: 1904 daAuts
     D:3: 1812 daAuts
     D:7: 1313 daAuts
     D:2: 1305 daAuts
     D:5: 916 daAuts
     D:4: 759 daAuts
     D:1: 713 daAuts
 Ossuary: 655 daAuts
     D:8: 403 daAuts
